 Dungeon Crawl Stone Soup version 0.28-a0-268-g3f656e82c2 (webtiles) character file.

Game seed: 1080815192080802371

27122 frimble the Fighter (level 13, -28/104 HPs)
             Began as a Gnoll Wanderer on Aug 29, 2021.
             Was an Elder of Cheibriados.
             Killed from afar by an ice dragon (36 damage)
             ... with a blast of cold
             ... on level 13 of the Dungeon.
             The game lasted 00:16:55 (13595 turns).

frimble the Fighter (Gnoll Wanderer)               Turns: 13595, Time: 00:16:56

Health: -28/104    AC: 16    Str: 30    XL:     13   Next: 30%
Magic:  18/25      EV: 17    Int: 25    God:    Cheibriados [****..]
Gold:   673        SH: 13    Dex: 21    Spells: 25/28 levels left

rFire   . . .      SeeInvis .   a - +5 flail of Gallantry {pain, Int+3}
rCold   . . .      Faith    .   k - +1 buckler {rPois}
rNeg    . . .      Spirit   .   y - +6 leather armour of Resilience {rPois Regen+ rCorr Int-3}
rPois   +          Reflect  +   n - +0 helmet
rElec   .          Harm     .   w - +0 cloak
rCorr   +          Rampage  .   (no gloves)
Will    .....                   (no boots)
Stlth   ++++......              v - amulet of reflection
HPRegen 1.27/turn               j - +4 ring of protection
MPRegen 0.19/turn               B - +6 ring of strength

@: about to teleport, freezing walls, very slow
A: fangs 1, strong nose, distributed training
a: Renounce Religion, Bend Time, Temporal Distortion, Slouch


You were on level 13 of the Dungeon.
You worshipped Cheibriados.
Cheibriados was greatly pleased with you.
You visited 1 branch of the dungeon, and saw 13 of its levels.

You collected 715 gold pieces.
You spent 42 gold pieces at shops.

Inventory:

Hand Weapons
 a - the +5 flail of Gallantry (weapon) {pain, Int+3}
   (You found it on level 11 of the Dungeon)

   In the hands of one skilled in necromantic magic, it inflicts extra damage on
   living creatures.
   Int:       It affects your intelligence (+3).
 b - a +2 dagger of venom
 H - a +2 falchion of flaming
Missiles
 c - 42 poisoned darts (quivered)
 g - 5 javelins
 r - 3 throwing nets
 s - 11 curare-tipped darts
Armour
 k - a +1 buckler of poison resistance (worn)
 n - a +0 helmet (worn)
 q - a +0 kite shield
 u - a +2 troll leather armour {Snorg}
 w - a +0 cloak (worn)
 y - the +6 leather armour of Resilience (worn) {rPois Regen+ rCorr Int-3}
   (You found it on level 8 of the Dungeon)

   Int:       It affects your intelligence (-3).
   rPois:     It protects you from poison.
   Regen:     It increases your rate of health regeneration.
   rCorr:     It protects you from acid and corrosion.
Jewellery
 e - a ring of protection from cold
 j - a +4 ring of protection (left hand)
 v - an amulet of reflection (around neck)
 A - a ring of protection from cold
 B - a +6 ring of strength (right hand)
Wands
 i - a wand of digging (4)
 E - a wand of flame (18)
 G - a wand of charming (12)
Scrolls
 h - a scroll of teleportation
 x - 2 scrolls of enchant weapon
 C - a scroll of enchant armour
 D - 2 scrolls of identify
 J - a scroll of holy word
Potions
 d - a potion of ambrosia
 f - 2 potions of lignification
 l - a potion of curing
 m - 2 potions of might
 o - a potion of haste
 p - a potion of flight
 z - a potion of mutation
 F - a potion of cancellation
Miscellaneous
 I - a box of beasts


   Skills:
 + Level 10.4 Fighting
 + Level 8.1 Short Blades
 + Level 9.4 Long Blades
 + Level 8.1 Axes
 + Level 8.6 Maces & Flails
 + Level 8.1 Polearms
 + Level 8.1 Staves
 + Level 8.1 Slings
 + Level 8.1 Bows
 + Level 8.1 Crossbows
 + Level 9.4 Throwing
 + Level 8.6 Armour
 + Level 8.1 Dodging
 + Level 8.5 Stealth
 + Level 8.1 Shields
 + Level 8.1 Unarmed Combat
 + Level 8.1 Spellcasting
 + Level 6.8 Conjurations
 + Level 6.8 Hexes
 + Level 6.8 Summonings
 + Level 6.8 Necromancy
 + Level 6.8 Translocations
 + Level 6.8 Transmutations
 + Level 6.8 Fire Magic
 + Level 6.8 Ice Magic
 + Level 6.8 Air Magic
 + Level 6.8 Earth Magic
 + Level 6.8 Poison Magic
 + Level 8.9 Invocations
 + Level 8.1 Evocations


You had 25 spell levels left.
You knew the following spells:

 Your Spells              Type           Power      Damage    Failure   Level
a - Frozen Ramparts       Ice            88%        1d10      1%          3

Your spell library contained the following spells:

 Spells                   Type           Power      Damage    Failure   Level
 Foxfire                  Conj/Fire      100%       2x1d9     1%          1
 Freeze                   Ice            100%       1d11      1%          1
 Ensorcelled Hibernation  Hex/Ice        88%        N/A       1%          2
 Conjure Flame            Conj/Fire      44%        6-21      1%          3
 Dazzling Flash           Conj/Hex       88%        N/A       1%          3
 Inner Flame              Hex/Fire       44%        N/A       1%          3
 Spider Form              Tmut/Pois      22%        N/A       1%          3
 Hailstorm                Conj/Ice       44%        3d10      3%          4
 Ice Form                 Ice/Tmut       44%        N/A       3%          4
 Iskenderun's Mystic Bla  Conj/Tloc      44%        2d10      3%          4
 Summon Ice Beast         Ice/Summ       44%        N/A       3%          4
 Shadow Creatures         Summ           N/A        N/A       52%         6
 Starburst                Conj/Fire      22%        6d7       52%         6


Dungeon Overview and Level Annotations

Branches:
Dungeon (13/15)            Temple (0/1) D:4            Lair (0/6) D:11
    Orc (0/2) D:12
 Vaults: D:13-14

Altars:
Cheibriados
Hepliaklqana
Kikubaaqudgha
Ru
Sif Muna
Uskayaw
Wu Jian
Xom
Zin
Beogh

Shops:
D:5 !   D:7 *

Annotations:
D:8 1 runed translucent door, rogsnak's ghost, novice DjFE
D:13 Erolcha


Innate Abilities, Weirdness & Mutations

You have very sharp teeth.
Your uncanny sense of smell can sniff out nearby items.
Your experience applies equally to all skills.


Message History

The wall freezes the cyclops.
Erolcha shouts!
You sock the salamander!
The salamander writhes in agony!
You bite the salamander, but do no damage.
The salamander is heavily wounded.
You feel very sick. The salamander hits you!
You are engulfed in flames!
* * * LOW HITPOINT WARNING * * *
The crystal guardian completely resists.
The wall freezes the crystal guardian but does no damage.
The wall freezes the cyclops.
You feel better. The salamander completely misses you.
The crystal guardian completely resists.
The wall freezes the crystal guardian but does no damage.
You can feel time thicken for a moment.
You kill the cyclops!
Cheibriados appreciates the change of pace.
You can no longer step out of the flow of time.
Cheibriados lowers the support of your attributes as your movement quickens.
You block the salamander's attack.
The crystal guardian fires a crystalline bolt at you.
The crystal bolt freezes the salamander!!!!
The salamander is frozen!
The salamander dies!
The crystal bolt freezes you!!
* * * LOW HITPOINT WARNING * * *
Unknown command.
Unknown command.
You feel much better.
As you read the scroll of teleportation, it crumbles to dust.
You feel strangely unstable. Erolcha gestures at you while chanting.
The fireball explodes!
The fireball engulfs you!!
* * * LOW HITPOINT WARNING * * *
The fireball engulfs the crystal guardian but does no damage.
The ice dragon completely resists.
The wall freezes the ice dragon but does no damage.
The ice dragon breathes frost at you. The blast of cold hits you!!!
You die...

....}..$...#...
.#.|..#..#.....
.#...##..#.....
.###.....#.....
.........##O....
#.....D####......
.###.....(........
...#####.9@.......
...........##.....
..#......#.##.....
.........#.....# .
...............#
...............+
.........).....#
###....†.......#
#. #............#


You could see an ice dragon (catching breath), a crystal guardian and Erolcha.

Vanquished Creatures
  Kirke (D:12)
  Snorg (D:10)
  2 hydras (D:12)
  3 centaur warriors
  Harold (D:10)
  3 two-headed ogres
  Urug (D:11)
  Sonja (D:10)
  3 deep elf pyromancers
  2 ugly things
  4 cyclopes
  A manticore (D:13)
  2 gargoyles
  A torpor snail (shapeshifter) (D:10)
  2 kobold demonologists
  A komodo dragon (D:11)
  An unseen horror (D:10)
  3 trolls
  A raiju (shapeshifter) (D:10)
  2 shadows
  A vampire (D:10)
  2 wraiths
  25 yaks
  A basilisk (D:12)
  4 wyverns
  5 hogs (D:12)
  A steam dragon (D:8)
  A water moccasin (D:8)
  6 orc warriors
  A sky beast (D:7)
  2 black bears (D:7)
  2 necrophages
  3 ogres
  4 wolves (D:8)
  14 centaurs
  A phantom (D:6)
  3 kobold brigands
  2 bullfrogs
  A gnoll sergeant (D:6)
  A scorpion (D:6)
  2 water moccasin zombies (D:5)
  A killer bee (D:10)
  6 electric eels (D:8)
  6 howler monkeys
  5 hounds
  A jelly (D:7)
  3 centaur zombies
  9 orc priests
  2 gnoll shamans
  4 iguanas
  8 orc wizards
  A scorpion zombie (D:5)
  A centaur simulacrum (D:10)
  2 howler monkey zombies (D:9)
  10 gnolls
  An adder (D:6)
  An adder skeleton (D:4)
  4 worms
  A dart slug (D:2)
  41 orcs
  A ball python (D:2)
  16 endoplasms
  4 giant cockroaches
  9 goblins
  5 hobgoblins
  8 jackals
  6 quokkas
  7 bats
  2 frilled lizards
  15 kobolds
  5 rats
303 creatures vanquished.

Vanquished Creatures (collateral kills)
  Grum (D:8)
  An orc priest (D:8)
  2 gnolls (D:4)
4 creatures vanquished.

Vanquished Creatures (others)
  A salamander (shapeshifter) (D:13)
  A kobold brigand (D:10)
  2 plants
4 creatures vanquished.

Grand Total: 311 creatures vanquished

Notes
Turn   | Place    | Note
-------+----------+-------------------------------------------
     0 | D:1      | frimble the Gnoll Wanderer began the quest for the Orb.
     0 | D:1      | frimble set off with the following items: a +2 falchion, a
                  | scroll of teleportation, 12 poisoned darts, a +0 dagger, a
                  | +0 robe
     0 | D:1      | Reached XP level 1. HP: 23/23 MP: 1/1
   152 | D:1      | Reached XP level 2. HP: 28/29 MP: 2/2
   547 | D:1      | You fall into a shaft and drop 1 floor!
   667 | D:1      | Reached XP level 3. HP: 35/35 MP: 3/3
  1201 | D:2      | Reached skill level 1 in Invocations
  1472 | D:2      | Reached skill level 1 in Short Blades
  1472 | D:2      | Reached skill level 1 in Axes
  1472 | D:2      | Reached skill level 1 in Polearms
  1472 | D:2      | Reached skill level 1 in Staves
  1472 | D:2      | Reached skill level 1 in Slings
  1472 | D:2      | Reached skill level 1 in Bows
  1472 | D:2      | Reached skill level 1 in Crossbows
  1472 | D:2      | Reached skill level 1 in Dodging
  1472 | D:2      | Reached skill level 1 in Shields
  1472 | D:2      | Reached skill level 1 in Unarmed Combat
  1472 | D:2      | Reached skill level 1 in Spellcasting
  1472 | D:2      | Reached skill level 1 in Evocations
  1708 | D:2      | Reached XP level 4. HP: 41/41 MP: 5/5
  2196 | D:3      | Found an ancient bone altar of Kikubaaqudgha.
  2538 | D:3      | Reached skill level 1 in Conjurations
  2538 | D:3      | Reached skill level 1 in Hexes
  2538 | D:3      | Reached skill level 1 in Summonings
  2538 | D:3      | Reached skill level 1 in Necromancy
  2538 | D:3      | Reached skill level 1 in Translocations
  2538 | D:3      | Reached skill level 1 in Transmutations
  2538 | D:3      | Reached skill level 1 in Fire Magic
  2538 | D:3      | Reached skill level 1 in Ice Magic
  2538 | D:3      | Reached skill level 1 in Air Magic
  2538 | D:3      | Reached skill level 1 in Earth Magic
  2538 | D:3      | Reached skill level 1 in Poison Magic
  2554 | D:3      | HP: 1/41 [gnoll (11)]
  2585 | D:3      | Reached XP level 5. HP: 6/47 MP: 6/6
  2973 | D:3      | Found a sacrificial altar of Ru.
  3538 | D:4      | HP: 2/47 [gnoll (7)]
  3847 | D:4      | Reached XP level 6. HP: 39/53 MP: 8/8
  3939 | D:4      | Reached skill level 5 in Long Blades
  3939 | D:4      | Reached skill level 5 in Throwing
  4361 | D:4      | Found a snail-covered altar of Cheibriados.
  4377 | D:4      | Became a worshipper of Cheibriados the Contemplative
  4592 | D:4      | Found an ornate altar of the Wu Jian Council.
  4729 | D:4      | Found a staircase to the Ecumenical Temple.
  4834 | D:4      | Learned a level 3 spell: Frozen Ramparts
  4903 | D:5      | Entered Level 5 of the Dungeon
  5223 | D:5      | Reached XP level 7. HP: 59/59 MP: 10/10
  5267 | D:5      | Reached skill level 7 in Fighting
  5515 | D:5      | Found Nulomp's Distillery.
  6365 | D:5      | Bought a potion of curing for 42 gold pieces
  6838 | D:6      | Reached * piety under Cheibriados
  6839 | D:6      | Reached XP level 8. HP: 67/67 MP: 12/12
  7818 | D:6      | Noticed a wyvern
  7837 | D:6      | Killed a wyvern
  8203 | D:7      | Found Zin's Purification Station.
  8203 | D:7      | Found a glowing silver altar of Zin.
  8389 | D:7      | Reached XP level 9. HP: 65/72 MP: 14/14
  8390 | D:7      | Reached ** piety under Cheibriados
  9072 | D:7      | Reached skill level 5 in Maces & Flails
  9072 | D:7      | Reached skill level 5 in Armour
  9104 | D:8      | Identified the +6 leather armour of Resilience {rPois
                  | Regen+ rCorr Int-3}
  9160 | D:7      | Reached skill level 5 in Stealth
  9201 | D:8      | Reached skill level 8 in Fighting
  9220 | D:8      | Reached *** piety under Cheibriados
  9246 | D:8      | Found a shimmering blue altar of Sif Muna.
  9291 | D:8      | Reached skill level 5 in Invocations
  9410 | D:8      | Noticed Grum
  9439 | D:8      | Reached XP level 10. HP: 80/80 MP: 17/17
  9459 | D:8      | Killed Grum
  9861 | D:8      | Found a runed translucent door.
  9861 | D:8      | Found a shimmering altar of Xom.
  9861 | D:8      | Noticed rogsnak's ghost (novice DjFE)
  9872 | D:8      | Noticed a +1 quarterstaff of chaos
 10063 | D:9      | Noticed a red ugly thing
 10074 | D:9      | Reached skill level 5 in Short Blades
 10074 | D:9      | Reached skill level 5 in Axes
 10074 | D:9      | Reached skill level 5 in Polearms
 10074 | D:9      | Reached skill level 5 in Staves
 10074 | D:9      | Reached skill level 5 in Slings
 10074 | D:9      | Reached skill level 5 in Bows
 10074 | D:9      | Reached skill level 5 in Crossbows
 10074 | D:9      | Reached skill level 5 in Dodging
 10074 | D:9      | Reached skill level 5 in Shields
 10074 | D:9      | Reached skill level 5 in Unarmed Combat
 10074 | D:9      | Reached skill level 5 in Spellcasting
 10074 | D:9      | Reached skill level 5 in Evocations
 10081 | D:9      | Killed a red ugly thing
 10213 | D:9      | Found a hide-covered altar of Uskayaw.
 10348 | D:9      | Reached **** piety under Cheibriados
 10539 | D:9      | Noticed a two-headed ogre
 10603 | D:9      | Killed a two-headed ogre
 10754 | D:9      | Reached XP level 11. HP: 85/87 MP: 19/19
 10922 | D:10     | Entered Level 10 of the Dungeon
 10944 | D:10     | Noticed Sonja
 10949 | D:10     | Killed Sonja
 10993 | D:10     | Noticed Snorg
 11007 | D:10     | Reached skill level 9 in Fighting
 11025 | D:10     | Killed Snorg
 11026 | D:10     | Reached skill level 5 in Conjurations
 11026 | D:10     | Reached skill level 5 in Hexes
 11026 | D:10     | Reached skill level 5 in Summonings
 11026 | D:10     | Reached skill level 5 in Necromancy
 11026 | D:10     | Reached skill level 5 in Translocations
 11026 | D:10     | Reached skill level 5 in Transmutations
 11026 | D:10     | Reached skill level 5 in Fire Magic
 11026 | D:10     | Reached skill level 5 in Ice Magic
 11026 | D:10     | Reached skill level 5 in Air Magic
 11026 | D:10     | Reached skill level 5 in Earth Magic
 11026 | D:10     | Reached skill level 5 in Poison Magic
 11203 | D:10     | Noticed Harold
 11229 | D:10     | Killed Harold
 11257 | D:10     | Noticed a deep elf pyromancer
 11257 | D:10     | Noticed a deep elf pyromancer
 11262 | D:10     | Killed a deep elf pyromancer
 11262 | D:10     | Reached ***** piety under Cheibriados
 11266 | D:10     | Noticed a swamp dragon
 11266 | D:10     | Noticed a cyclops
 11269 | D:10     | Killed a deep elf pyromancer
 11276 | D:10     | Noticed a wolf spider
 11276 | D:10     | a swamp dragon changed into a wolf spider
 11279 | D:10     | a wolf spider changed into a torpor snail
 11286 | D:10     | Killed a cyclops
 11290 | D:10     | Noticed a shining eye
 11290 | D:10     | a water nymph changed into a shining eye
 11297 | D:10     | a shining eye changed into a torpor snail
 11438 | D:10     | Noticed a centaur warrior
 11444 | D:10     | Killed a centaur warrior
 11582 | D:10     | Found a hazy altar of Hepliaklqana.
 11708 | D:10     | Noticed a centaur warrior
 11712 | D:10     | Noticed a two-headed ogre
 11714 | D:10     | Reached XP level 12. HP: 96/96 MP: 11/22
 11723 | D:10     | Killed a centaur warrior
 11728 | D:10     | Killed a two-headed ogre
 12109 | D:11     | Noticed Urug
 12142 | D:11     | Killed Urug
 12208 | D:11     | Found a staircase to the Lair.
 12300 | D:11     | Identified the +5 flail of Gallantry {pain, Int+3}
 12918 | D:12     | Noticed a two-headed ogre
 12926 | D:12     | Killed a two-headed ogre
 12960 | D:12     | Reached skill level 10 in Fighting
 12981 | D:12     | Noticed a seven-headed hydra
 13000 | D:12     | Killed a seven-headed hydra
 13087 | D:12     | Noticed a four-headed hydra
 13102 | D:12     | Killed a four-headed hydra
 13241 | D:12     | Noticed Kirke
 13253 | D:12     | Reached XP level 13. HP: 92/103 MP: 18/24
 13267 | D:12     | Killed Kirke
 13431 | D:12     | Found a staircase to the Orcish Mines.
 13585 | D:13     | Noticed a crystal guardian
 13586 | D:13     | Noticed an ice dragon
 13590 | D:13     | Noticed Erolcha
 13593 | D:13     | HP: 4/104 [crystal guardian/crystal bolt (27)]
 13595 | D:13     | Killed from afar by an ice dragon

Illustrated notes

Levels and vault maps discovered:
D:1:      eino_arrival_druids_welcome, layout_basic, minmay_misc_feat_tiny,
          kennysheep_boxes
D:2:      layout_basic, st_stairs_3
D:3:      layout_basic, mainiacjoe_overflow_surrounded_room,
          mainiacjoe_overflow_paths, kennysheep_generic_room_2
D:4:      layout_loops_cross, cheibriados_altar_1, nzn_wu_jian_contemplation,
          minmay_temple_entry_purple_smoke, corexii_checkpoint_b,
          minmay_misc_feat_room
D:5:      layout_gridville, nicolae_inconvenience_store
D:6:      layout_gridville
D:7:      layout_loops_ring, zin_purify, amcnicky_mini_rare_corridor_liquid
D:8:      layout_rooms, kennysheep_mini, ebering_ghost_xom, chequers_big_river,
          uniq_grum
D:9:      layout_basic, old_standard_altar, kennysheep_generic_room_3
D:10:     nzn_winding_woodlands_stair_cross
          [nzn_winding_woodlands_5x15_lazy_stream,
          nzn_winding_woodlands_center_lodge,
          nzn_winding_woodlands_5x15_sawtooth,
          nzn_winding_woodlands_5x5_perimeter,
          nzn_winding_woodlands_5x5_open_star,
          nzn_winding_woodlands_5x15_longhouse,
          nzn_winding_woodlands_center_pierced_h,
          nzn_winding_woodlands_5x15_crooked], layout_rooms,
          kennysheep_mini_moat, uniq_sonja, uniq_snorg, uniq_harold
D:11:     layout_basic, lair_entry_dummy, uniq_urug
D:12:     layout_gridville, david_orc_5, uniq_kirke
D:13:     layout_basic, portal_ice_cave_entry_pillars_1, minmay_radiant,
          uniq_frances, uniq_erolcha

Skill      XL: |  1  2  3  4  5  6  7  8  9 10 11 12 13 |
---------------+----------------------------------------+-----
Invocations    | 1 2 3 4 5 6 7 8 |  8.9
Short Blades   | 1 2 3 4 5 6 7 8 |  8.1
Axes           | 1 2 3 4 5 6 7 8 |  8.1
Polearms       | 1 2 3 4 5 6 7 8 |  8.1
Staves         | 1 2 3 4 5 6 7 8 |  8.1
Slings         | 1 2 3 4 5 6 7 8 |  8.1
Bows           | 1 2 3 4 5 6 7 8 |  8.1
Crossbows      | 1 2 3 4 5 6 7 8 |  8.1
Dodging        | 1 2 3 4 5 6 7 8 |  8.1
Shields        | 1 2 3 4 5 6 7 8 |  8.1
Unarmed Combat | 1 2 3 4 5 6 7 8 |  8.1
Spellcasting   | 1 2 3 4 5 6 7 8 |  8.1
Evocations     | 1 2 3 4 5 6 7 8 |  8.1
Conjurations   | 1 2 3 4 5 6 |  6.8
Hexes          | 1 2 3 4 5 6 |  6.8
Summonings     | 1 2 3 4 5 6 |  6.8
Necromancy     | 1 2 3 4 5 6 |  6.8
Translocations | 1 2 3 4 5 6 |  6.8
Transmutations | 1 2 3 4 5 6 |  6.8
Fire Magic     | 1 2 3 4 5 6 |  6.8
Ice Magic      | 1 2 3 4 5 6 |  6.8
Air Magic      | 1 2 3 4 5 6 |  6.8
Earth Magic    | 1 2 3 4 5 6 |  6.8
Poison Magic   | 1 2 3 4 5 6 |  6.8
Maces & Flails | 3 4 5 6 7 8 |  8.6
Armour         | 3 4 5 6 7 8 |  8.6
Long Blades    | 5 6 7 8 9 |  9.4
Throwing       | 5 6 7 8 9 |  9.4
Stealth        | 3 4 5 6 7 8 |  8.5
Fighting       | 7 8 9 10 | 10.4

Action                   |  1- 3 |  4- 6 |  7- 9 | 10-12 | 13-15 || total
-------------------------+-------+-------+-------+-------+-------++-------
Melee: Falchion          |   100 |       |    11 |    38 |       ||   149
       Bite              |    11 |    19 |    59 |   151 |    23 ||   263
       Dagger            |    14 |   168 |   385 |   472 |       ||  1039
       Punch             |       |       |     5 |       |       ||     5
       Flail             |       |       |       |    99 |   118 ||   217
Throw: Dart              |     2 |    12 |    41 |    19 |       ||    74
 Cast: Frozen Ramparts   |       |       |     3 |     2 |     1 ||     6
Invok: Slouch            |       |       |       |     5 |     1 ||     6
Evoke: Wand              |       |     2 |     8 |     4 |       ||    14
  Use: Scroll            |     2 |     6 |     3 |     7 |     1 ||    19
       Potion            |       |     1 |       |     3 |     2 ||     6
 Stab: Sleeping          |     9 |     3 |     9 |     8 |       ||    29
       Invisible         |       |       |       |    10 |       ||    10
Armor: Robe              |    33 |    28 |    91 |       |       ||   152
       Leather armour    |       |       |    76 |   138 |    36 ||   250
Dodge: Dodged            |    72 |    93 |   256 |   265 |    66 ||   752
Block: Other             |       |       |    39 |       |       ||    39
       Buckler           |       |       |   126 |   308 |    77 ||   511
       Reflection        |       |       |     5 |    20 |     6 ||    31

Table legend: (Time is in decaauts)
 A = Elapsed time spent in this place.
 B = Non-inter-level travel time spent in this place.
 C = Inter-level travel time spent in this place.
 D = Time resting spent in this place.
 E = Time spent auto-exploring this place.
 F = Levels seen in this place.
 G = Mean time per level.
                   A        B        C        D        E       F      G
               +--------+--------+--------+--------+--------+-----+--------+
         Total |  16312 |  15818 |    494 |     59 |  12846 |  13 | 1254.8 |
       Dungeon |  16312 |  15818 |    494 |     59 |  12846 |  13 | 1254.8 |
               +--------+--------+--------+--------+--------+-----+--------+

Top non-repeatable levels by time:
     D:5: 1899 daAuts
     D:6: 1705 daAuts
    D:10: 1516 daAuts
     D:3: 1509 daAuts
     D:4: 1462 daAuts
    D:11: 1404 daAuts
     D:9: 1318 daAuts
     D:7: 1282 daAuts
     D:2: 1249 daAuts
     D:8: 1226 daAuts
    D:12: 919 daAuts
     D:1: 769 daAuts
    D:13: 48 daAuts
